 Dungeon Crawl Stone Soup version 0.23.2 (webtiles) character file.

Game seed: 18124077703622621961

732 Peloso the Shield-Bearer (level 7, -15/60 HPs)
             Began as a Minotaur Fighter on Apr 6, 2019.
             Demolished by an orc warrior
             ... wielding a +0 glaive
              (16 damage)
             ... on level 6 of the Dungeon.
             The game lasted 00:06:15 (4261 turns).

Peloso the Shield-Bearer (Minotaur Fighter)         Turns: 4261, Time: 00:06:15

Health: -15/60     AC: 12    Str: 21    XL:     7   Next: 45%
Magic:  0/6        EV:  5    Int:  5    God:
Gold:   273        SH:  0    Dex: 15    Spells: 6/6 levels left

rFire    . . .     SeeInvis .   a - +1 long sword
rCold    . . .     Gourm    .   c - +0 shield
rNeg     . . .     Faith    .   o - +0 plate armour
rPois    .         Spirit   +   (helmet restricted)
rElec    .         Reflect  .   (no cloak)
rCorr    .         Harm     .   (no gloves)
MR       .....                  (no boots)
Stlth    ..........             r - amulet of guardian spirit
HPRegen  0.20/turn              x - +4 ring of dexterity
MPRegen  0.10/turn              (no ring)

@: confused
A: retaliatory headbutt, horns 2
a: no special abilities


You were on level 6 of the Dungeon.
You were not hungry.

You visited 1 branch of the dungeon, and saw 6 of its levels.

You collected 273 gold pieces.

Inventory:

Hand Weapons
 a - a +1 long sword (weapon)
Armour
 b - a +0 scale mail
 c - a +0 shield (worn)
 o - a +0 plate armour (worn)
Jewellery
 r - an amulet of guardian spirit (around neck)
 x - a +4 ring of dexterity (left hand)
Wands
 d - a wand of iceblast (3)
 p - a wand of digging (5)
Scrolls
 e - 2 scrolls of enchant weapon
 g - 3 scrolls of teleportation
 k - 3 scrolls of identify
 q - a scroll of blinking {unknown}
 v - 2 scrolls of remove curse {unknown}
 w - a scroll of acquirement {unknown}
Potions
 h - a potion of resistance {unknown}
 i - a potion of brilliance
 j - a potion of lignification {unknown}
 l - a potion of magic {unknown}
 m - 3 potions of heal wounds {unknown}
 n - a potion of curing {unknown}
 s - a potion of might
 t - a potion of degeneration {unknown}
 u - 2 potions of ambrosia {unknown}
Comestibles
 f - 9 rations


   Skills:
 + Level 4.6 Fighting
 + Level 5.7 Long Blades
 + Level 6.3 Armour
 + Level 1.1 Dodging
 + Level 6.7 Shields


You had 6 spell levels left.
You didn't know any spells.
Your spell library was empty.

Dungeon Overview and Level Annotations

Branches:
Dungeon (6/15)
 Temple: D:4-7

Altars:
Elyvilon
Wu Jian


Innate Abilities, Weirdness & Mutations

You reflexively headbutt those who attack you in melee.
You have a pair of horns on your head.


Message History

Your shield and plate armour prevent you from hitting the orc wizard.
The orc wizard hits you but does no damage.
The orc warrior hits you from afar with a +0 glaive.
The orc wizard barely misses you. The orc hits you but does no damage.
The orc wizard hits you but does no damage. x2
The orc wizard mumbles some strange words.
The orc wizard seems to speed up.
Your plate armour prevents you from hitting the orc wizard.
You headbutt the orc wizard, but do no damage.
The orc wizard is heavily wounded.
The orc warrior hits you from afar with a +0 glaive!!
* * * LOW HITPOINT WARNING * * *
The orc wizard hits you but does no damage.
The orc hits you with a +0 mace.
* * * LOW HITPOINT WARNING * * *
The orc wizard hits you but does no damage.
The orc wizard hits you with a +0 dagger.
* * * LOW HITPOINT WARNING * * *
The orc warrior hits you from afar with a +0 glaive!
You die...

. ....# ...... ..
#..#####.......
#..###.(.#...........
....##....##........
. #(......#.........
#..###...#...........
.....................
#..?..)..............
..#.........@o>......
...........ooo<......
.........#.o?........
..?.##.#)............
....##.../...........
..#..................
#.. ##.........##...#
##..###...........###
................#.#


You could see an orc warrior, 3 orc wizards and an orc.

Vanquished Creatures
  A sky beast (D:5)
  An ogre (D:4)
  A scorpion (D:6)
  A howler monkey (D:6)
  A bullfrog zombie (D:5)
  3 crimson imps (D:5)
  A centaur zombie (D:6)
  A bullfrog skeleton (D:5)
  A hound (D:5)
  An iguana (D:4)
  A centaur skeleton (D:5)
  Ijyb (D:4)
  A worker ant (D:5)
  A hound skeleton (D:4)
  3 adders
  A shadow imp (D:5)
  2 worms (D:4)
  A dart slug (D:2)
  4 leopard geckos
  7 orcs
  11 bats
  2 giant cockroaches
  6 goblins
  6 hobgoblins
  6 jackals
  2 quokkas
  A ball python (D:5)
  2 frilled lizards
  6 kobolds
  A quokka skeleton (D:4)
  12 rats
89 creatures vanquished.

Notes
Turn   | Place    | Note
-------+----------+-------------------------------------------
     0 | D:1      | Peloso the Minotaur Fighter began the quest for the Orb.
     0 | D:1      | Reached XP level 1. HP: 19/19 MP: 0/0
   219 | D:1      | Reached XP level 2. HP: 27/27 MP: 1/1
   831 | D:2      | Reached XP level 3. HP: 24/33 MP: 2/2
  1403 | D:4      | Noticed Ijyb
  1409 | D:4      | Killed Ijyb
  1409 | D:4      | Reached XP level 4. HP: 36/40 MP: 3/3
  1499 | D:4      | Noticed an ogre
  1513 | D:4      | Killed an ogre
  1513 | D:4      | Reached skill level 1 in Dodging
  1513 | D:4      | Reached skill level 5 in Shields
  1513 | D:4      | Reached XP level 5. HP: 46/46 MP: 4/4
  1800 | D:4      | Found a white marble altar of Elyvilon.
  2017 | D:2      | Found an ornate altar of the Wu Jian Council.
  3145 | D:5      | Entered Level 5 of the Dungeon
  3153 | D:5      | Reached XP level 6. HP: 50/52 MP: 5/5
  3301 | D:5      | Reached skill level 5 in Long Blades
  3369 | D:5      | Noticed a sky beast
  3386 | D:5      | Killed a sky beast
  3386 | D:5      | Reached skill level 5 in Armour
  3500 | D:5      | Reached XP level 7. HP: 54/60 MP: 6/6
  4260 | D:6      | HP: 3/60 [orc/+0 mace (1)]
  4260 | D:6      | HP: 1/60 [orc wizard/+0 dagger (2)]
  4261 | D:6      | Demolished by an orc warrior

Skill      XL: |  1  2  3  4  5  6  7 |
---------------+----------------------+-----
Shields        | 4 5 6 |  6.7
Armour         | 4 5 6 |  6.3
Long Blades    | 3 4 5 |  5.7
Fighting       | 4 |  4.6
Dodging        | 1 |  1.1

Action                   |  1- 3 |  4- 6 |  7- 9 || total
-------------------------+-------+-------+-------++-------
Melee: Long sword        |   107 |   135 |    42 ||   284
       Headbutt          |    11 |    20 |    18 ||    49
  Use: Potion            |     1 |       |       ||     1
       Scroll            |       |     3 |       ||     3
  Eat: Chunk             |     1 |     7 |       ||     8
       Ration            |       |       |     1 ||     1
Armor: Scale mail        |    13 |       |       ||    13
       Chain mail        |    86 |       |       ||    86
       Plate armour      |       |    89 |    31 ||   120
Dodge: Dodged            |    47 |    24 |     3 ||    74
Block: Shield            |    76 |    87 |    19 ||   182
       Rpst.: Long sword |    12 |     5 |     2 ||    19
